 Dungeon Crawl Stone Soup version 0.20-a0-1016-g241539b (webtiles) character file.

16913 Multipenetrator the Cleaver (level 12, -10/95 HPs)
             Began as a Formicid Fighter on Apr 16, 2017.
             Was the Champion of Cheibriados.
             Mangled by a two-headed ogre
             ... wielding a cursed -2 giant spiked club
              (23 damage)
             ... on level 15 of the Dungeon.
             The game lasted 01:07:35 (9453 turns).

Multipenetrator the Cleaver (Formicid Fighter)      Turns: 9453, Time: 01:07:38

Health: -10/95     AC: 20    Str: 41 (44) XL:     12   Next: 76%
Magic:  0/12       EV: 13    Int: 24 (26) God:    Cheibriados [******]
Gold:   804        SH: 15    Dex: 24 (27) Spells: 11/11 levels left

rFire    x . .     SeeInvis +   a - +0 war axe
rCold    . . .     Gourm    .   c - +0 shield
rNeg     + . .     Faith    .   T - +4 chain mail of Okawaru's Fury {rF- rN+ Regen+}
rPois    .         Spirit   +   (helmet unavailable)
rElec    .         Reflect  .   d - scarf {repulsion}
rCorr    +         Harm     .   h - +1 pair of gloves
MR       +....                  C - +0 pair of boots
Stlth    ..........             w - amulet of guardian spirit
Regen    0.7/turn               H - +3 ring of intelligence
MPRegen  0.2/turn               J - ring of resist corrosion

@: mighty, repel missiles, very slow
A: permanent stasis, dig shafts and tunnels, four strong arms, antennae 3
a: Dig, Shaft Self, Bend Time, Temporal Distortion, Slouch, Step From Time,
Renounce Religion


You were on level 15 of the Dungeon.
You worshipped Cheibriados.
Cheibriados was exalted by your worship.
You were not hungry.

You visited 2 branches of the dungeon, and saw 14 of its levels.

You collected 804 gold pieces.

Inventory:

Hand Weapons
 a - a +0 war axe (weapon)
 W - a +3 scimitar of flaming
Missiles
 u - 2 throwing nets (quivered)
Armour
 c - a +0 shield (worn)
 d - a scarf of repulsion (worn)
 h - a +1 pair of gloves (worn)
 r - a scarf of cold resistance
 C - a +0 pair of boots (worn)
 T - the +4 chain mail of Okawaru's Fury (worn) {rF- rN+ Regen+}
   (You found it on level 9 of the Dungeon)

   It makes you vulnerable to fire.
   It protects you from negative energy.
   It increases your rate of regeneration.
Jewellery
 k - an uncursed amulet of magic regeneration
 w - an amulet of guardian spirit (around neck)
 H - a +3 ring of intelligence (left hand)
 J - a ring of resist corrosion (right hand)
 X - an uncursed ring of ice
Wands
 s - a wand of enslavement (9/24)
 t - a wand of confusion (30/48)
 K - a wand of flame (12/48)
Scrolls
 e - a scroll of noise {unknown}
 j - a scroll of blinking {unknown}
 m - 2 scrolls of random uselessness {unknown}
 n - 3 scrolls of enchant weapon {unknown}
 p - 4 scrolls of amnesia
 B - 2 scrolls of enchant armour {unknown}
 D - 3 scrolls of remove curse
 I - 2 scrolls of teleportation {unknown}
 N - a scroll of torment {unknown}
 O - a scroll of recharging {unknown}
 U - a scroll of magic mapping {unknown}
Potions
 l - 3 potions of lignification
 v - a potion of brilliance {unknown}
 E - a potion of invisibility {unknown}
 F - 3 potions of flight
 G - 2 potions of cancellation
 P - a potion of agility {unknown}
 R - a potion of degeneration
 V - a potion of ambrosia {unknown}
Comestibles
 f - 9 bread rations
 g - 24 fruits
 o - 6 royal jellies
 A - 6 meat rations


   Skills:
 + Level 9.0 Fighting
 + Level 13.2 Axes
 * Level 11.1 Armour
 + Level 3.6 Dodging
 + Level 0.6 Stealth
 - Level 9.4 Shields


You had 11 spell levels left.
You didn't know any spells.

Dungeon Overview and Level Annotations

Branches:
Dungeon (12/15)            Temple (1/1) D:6            Lair (0/6) D:10
    Orc (0/2) D:9

Altars:
Ashenzari
Cheibriados
Dithmenos
Elyvilon
Fedhas
Gozag
Hepliaklqana
Kikubaaqudgha
Makhleb
Nemelex Xobeh
Okawaru
Qazlal
Ru
Sif Muna
Trog
Uskayaw
Vehumet
Wu Jian
Xom
Yredelemnul
Zin
The Shining One
Lugonu

Portals:
Trove: D:10 (give +6 demon whip)

Annotations:
D:2 Terence


Innate Abilities, Weirdness & Mutations

You cannot be hasted, slowed, berserked, paralysed or teleported.
You can dig through walls and to a lower floor.
Your four strong arms can wield two-handed weapons with a shield.
You have a pair of large antennae on your head. (SInv)


Message History

The ogre mage is moderately wounded.
You closely miss the hippogriff. You slash the two-headed ogre!
The hippogriff bites you but does no damage.
The hippogriff pecks you but does no damage.
You block the hippogriff's attack.
The two-headed ogre hits you with a giant spiked club!
* * * LOW HITPOINT WARNING * * *
You block the two-headed ogre's attack.
The ogre mage hits you but does no damage.
Okay, then.
Okay, then.
Okay, then.
You can't shaft yourself on this level.
It was a potion of degeneration.
There was something very wrong with that liquid.
You feel weakened.
You feel dopey.
You feel clumsy.
The two-headed ogre hits you but does no damage. x2
You block the hippogriff's attack. x3
The two-headed ogre hits you with a giant spiked club!!
You die...

.......########
...............
...............
...............
.............§§
............§§≈
.O..{{)O.....§≈
#OH.≈.#≈≈
#@O..§≈≈§
#.O.§≈≈≈C
#....#≈≈.
#...≈§≈§.
#....≈§≈≈
#...≈.#≈≈
#....?.§≈
#.....≈.


You could see a fire giant, 3 two-headed ogres, an ogre mage and a hippogriff.

Vanquished Creatures
  Harold (D:11)
  Fannar (D:10)
  Erica (D:9)
  2 two-headed ogres
  An ogre mage (D:15)
  Nergalle (D:10)
  Sonja (D:11)
  Pikel (D:8)
  A phantasmal warrior (D:12)
  The ghost of Multipenetrator the Chopper, a novice FoFi of Cheibriados (D:5)
  A cyclops (D:11)
  A manticore (D:11)
  A gargoyle (D:9)
  Joseph (D:7)
  A freezing wraith (D:12)
  A tengu conjurer (D:11)
  Grinder (D:6)
  5 hippogriffs
  2 wyverns
  A vampire (D:11)
  Sigmund (D:5)
  11 yaks
  The ghost of Denreik the Skirmisher, an amateur FoCK of Xom (D:4)
  2 hungry ghosts
  2 water moccasins
  An acid dragon (D:7)
  A black bear (D:9)
  4 orc warriors
  An ice beast (D:9)
  A slave (D:8)
  4 sky beasts
  6 ogres
  A phantom (D:6)
  8 centaurs
  5 bullfrogs
  2 big kobolds (D:11)
  A wyvern skeleton (D:6)
  A scorpion (D:4)
  A water moccasin skeleton (D:9)
  5 wights (D:11)
  6 howler monkeys
  3 crimson imps
  2 bullfrog zombies (D:11)
  Crazy Yiuf (D:3)
  4 bullfrog skeletons
  5 hounds
  4 jellies
  12 orc wizards
  7 orc priests
  Jessica (D:3)
  An iguana (D:5)
  7 worker ants
  9 adders
  2 shadow imps
  2 oozes
  An adder skeleton (D:6)
  5 worms
  A dart slug (D:2)
  12 leopard geckos
  49 orcs
  2 ball pythons
  A giant cockroach (D:8)
  6 goblins
  12 hobgoblins
  16 jackals
  16 kobolds
  4 quokkas
  6 bats
  7 frilled lizards
  2 leopard gecko zombies (D:5)
  A quokka skeleton (D:7)
  6 rats
  2 demonic plants (Temple)
  2 plants (D:11)
302 creatures vanquished.

Notes
Turn   | Place    | Note
-------+----------+-------------------------------------------
     0 | D:1      | Multipenetrator the Formicid Fighter began the quest for the Orb.
     0 | D:1      | Reached XP level 1. HP: 18/18 MP: 1/1
    34 | D:1      | Reached XP level 2. HP: 20/24 MP: 2/2
   192 | D:1      | Reached XP level 3. HP: 21/30 MP: 3/3
   421 | D:2      | Found an ornate altar of the Wu Jian Council.
   424 | D:2      | Noticed Terence
   538 | D:2      | Found a snail-covered altar of Cheibriados.
   545 | D:2      | Became a worshipper of Cheibriados the Contemplative
   869 | D:2      | Reached XP level 4. HP: 37/37 MP: 4/4
  1424 | D:3      | Reached * piety under Cheibriados
  1434 | D:3      | Found an ancient bone altar of Kikubaaqudgha.
  1443 | D:3      | Found a radiant altar of Vehumet.
  1453 | D:3      | Found a deep blue altar of Sif Muna.
  1457 | D:3      | Identified Kikubaaqudgha's Catalogue of Dark Rites
  1534 | D:3      | Found a sparkling altar of Nemelex Xobeh.
  1534 | D:3      | Noticed Jessica
  1546 | D:3      | Killed Jessica
  1546 | D:3      | Reached XP level 5. HP: 32/42 MP: 5/5
  1720 | D:3      | Reached skill level 3 in Axes
  1720 | D:3      | Reached skill level 1 in Dodging
  1843 | D:3      | Found a runed door.
  1847 | D:3      | Noticed Crazy Yiuf
  1855 | D:3      | Killed Crazy Yiuf
  1855 | D:3      | Reached ** piety under Cheibriados
  1855 | D:3      | Reached skill level 5 in Shields
  1855 | D:3      | Reached XP level 6. HP: 14/49 MP: 6/6
  2578 | D:3      | Found a hide-covered altar of Uskayaw.
  2583 | D:3      | Found a shattered altar of Ashenzari.
  2584 | D:3      | Found a glowing silver altar of Zin.
  2584 | D:3      | Found a hazy altar of Hepliaklqana.
  2584 | D:3      | Found an iron altar of Okawaru.
  2584 | D:3      | Found an opulent altar of Gozag.
  2586 | D:3      | Found a glowing golden altar of the Shining One.
  2587 | D:3      | Found a blossoming altar of Fedhas.
  2641 | D:4      | Reached skill level 4 in Axes
  2652 | D:4      | Reached XP level 7. HP: 47/55 MP: 7/7
  2668 | D:4      | Found a bloodstained altar of Trog.
  2676 | D:4      | Got a brightly glowing dagger
  2678 | D:4      | Identified the +5 dagger "Conservator" {flame, Str+3 Dex-2 SInv} (You found it on level 4 of the Dungeon)
  2681 | D:4      | Noticed Denreik's ghost (amateur FoCK)
  2701 | D:4      | Killed Denreik's ghost
  3049 | D:4      | Reached skill level 5 in Axes
  3179 | D:4      | Reached XP level 8. HP: 61/61 MP: 8/8
  3271 | D:4      | Found a shimmering altar of Xom.
  3330 | D:4      | Reached *** piety under Cheibriados
  3528 | D:4      | Reached skill level 6 in Axes
  3528 | D:4      | Reached skill level 5 in Armour
  3632 | D:5      | Entered Level 5 of the Dungeon
  3815 | D:5      | Noticed Multipenetrator's ghost (novice FoFi)
  3846 | D:5      | Killed Multipenetrator's ghost
  3846 | D:5      | Reached skill level 5 in Fighting
  3846 | D:5      | Reached skill level 7 in Axes
  3846 | D:5      | Reached XP level 9. HP: 19/68 MP: 9/9
  3866 | D:5      | Noticed Sigmund
  3885 | D:5      | Killed Sigmund
  3888 | D:5      | Reached **** piety under Cheibriados
  4525 | D:6      | Reached skill level 8 in Axes
  4536 | D:6      | Noticed Grinder
  4561 | D:6      | Killed Grinder
  5079 | D:6      | Reached XP level 10. HP: 72/76 MP: 7/10
  5101 | D:6      | Found a staircase to the Ecumenical Temple.
  5109 | Temple   | Entered the Ecumenical Temple
  5494 | D:6      | Found a shadowy altar of Dithmenos.
  5520 | D:6      | Reached ***** piety under Cheibriados
  5748 | D:7      | Noticed Joseph
  5750 | D:7      | Reached skill level 9 in Axes
  5768 | D:7      | Killed Joseph
  5945 | D:7      | Found a basalt altar of Yredelemnul.
  6334 | D:8      | Noticed a two-headed ogre
  6345 | D:8      | Killed a two-headed ogre
  6609 | D:8      | You fall through a shaft!
  6616 | D:9      | Reached skill level 10 in Axes
  6638 | D:9      | Reached XP level 11. HP: 53/83 MP: 7/11
  6758 | D:9      | Found a staircase to the Orcish Mines.
  6932 | D:9      | Got a heavily runed chain mail
  6943 | D:9      | Identified the +4 chain mail of Okawaru's Fury {rF- rN+ Regen+} (You found it on level 9 of the Dungeon)
  7417 | D:8      | Noticed Pikel
  7429 | D:8      | Killed Pikel
  7484 | D:9      | Noticed Erica
  7502 | D:9      | Killed Erica
  7502 | D:9      | Reached skill level 11 in Axes
  7652 | D:10     | Entered Level 10 of the Dungeon
  7652 | D:10     | Noticed Nergalle
  7667 | D:10     | Killed Nergalle
  7758 | D:10     | Found a portal to a secret trove of treasure.
  7853 | D:10     | Noticed Fannar
  7862 | D:10     | Killed Fannar
  7866 | D:10     | Reached ****** piety under Cheibriados
  7924 | D:10     | Reached skill level 12 in Axes
  8259 | D:10     | Found a staircase to the Lair.
  8474 | D:11     | Noticed Sonja
  8485 | D:11     | Reached XP level 12. HP: 88/92 MP: 12/12
  8494 | D:11     | Killed Sonja
  8494 | D:11     | Reached skill level 10 in Armour
  8696 | D:11     | Noticed Harold
  8715 | D:11     | Killed Harold
  8797 | D:11     | Noticed a two-headed ogre
  8812 | D:11     | Killed a two-headed ogre
  9334 | D:12     | Reached skill level 13 in Axes
  9417 | D:12     | Noticed a death knight
  9440 | D:12     | You fall through a shaft for 3 floors!
  9440 | D:15     | Entered Level 15 of the Dungeon
  9440 | D:15     | Noticed an ogre mage
  9440 | D:15     | Noticed a two-headed ogre
  9442 | D:15     | Noticed a fire giant
  9442 | D:15     | Noticed an ogre mage
  9443 | D:15     | Noticed a two-headed ogre
  9445 | D:15     | Noticed a two-headed ogre
  9445 | D:15     | Killed an ogre mage
  9448 | D:15     | Noticed a two-headed ogre
  9453 | D:15     | Mangled by a two-headed ogre

Vault maps used:
D:1:      sevenhm_arrival_forest_fort_small_3
D:2:      nicolae_overflow_hidden_temple, kennysheep_slug_shrine, first_bread,
          uniq_terence
D:3:      grunt_temple_overflow_magic_moments, minitemple,
          minmay_misc_feat_ornament, nemelex_lonely_heart_becter,
          uniq_crazy_yiuf_cottage
D:4:      minmay_door_path, lemuel_doored_altar, bloody_trog
D:5:      uniq_sigmund
D:6:      minmay_temple_entry_glassed_door, basic_altar, uniq_grinder
D:7:      cheibrodos_two_vegetables, basic_altar, uniq_joseph
D:8:      uniq_pikel
D:9:      orc_0_dummy, uniq_erica
D:10:     lair_entry_dummy, enter_trove_6, uniq_nergalle, uniq_fannar
D:11:     lemuel_reptile_caves, grunt_tengu_nest, uniq_sonja, uniq_harold
D:12:     kennysheep_bubbly
D:15:     grunt_enter_depths_giant_problem, minmay_misc_feat_cross,
          lab_entry_generic
Temple:   corrupted_temple

Skill      XL: |  1  2  3  4  5  6  7  8  9 10 11 12 |
---------------+-------------------------------------+-----
Shields        | 4 5 6 8 9 |  9.4
Fighting       | 4 5 6 7 9 |  9.0
Axes           | 3 4 5 7 8 10 12 13 | 13.2
Dodging        | 1 2 3 |  3.6
Armour         | 4 5 8 9 11 | 11.1
Stealth        | |  0.6

Action                   |  1- 3 |  4- 6 |  7- 9 | 10-12 || total
-------------------------+-------+-------+-------+-------++-------
Melee: War axe           |    79 |   168 |   302 |   584 ||  1133
 Abil: Dig               |       |     1 |     3 |    14 ||    18
       Shaft Self        |       |       |       |     1 ||     1
  Use: Potion            |       |     1 |     5 |     5 ||    11
       Scroll            |       |       |       |     7 ||     7
  Eat: Chunk             |       |     4 |     8 |    11 ||    23
Armor: Scale mail        |    27 |    53 |    88 |     1 ||   169
       Plate armour      |       |       |       |    37 ||    37
       Chain mail        |       |       |       |   103 ||   103
Dodge: Dodged            |    28 |    49 |    91 |   169 ||   337
       Deflected         |       |       |     1 |    12 ||    13
Block: Shield            |    44 |    97 |   163 |   382 ||   686
